3L
KINGSTON TOWNSHIP LEGION @ NEW ORLEANS VOODOO
09/24/2031
 
TOP OF THE 1ST
Kingston Township Legion batting - Pitching for New Orleans Voodoo : RHP Juan Díaz
Pitching: RHP Juan Díaz
Batting: RHB Ron Bernard 0-0: Ball
1-0: Ball
2-0: Ground out 4-3 (Groundball, 4)
Batting: LHB António González 0-0: Called Strike
0-1: Ball
1-1: SINGLE (Groundball, 4MD)
Batting: RHB EP Weston 0-0: Called Strike
António González steals 2nd base
0-1: Swinging Strike
0-2: Ball
1-2: Foul Ball, location: 2F
1-2: Ball
2-2: SINGLE (Groundball, 6MS) (infield hit)
António González to third
Batting: RHB Clarence Neal 0-0: Called Strike
0-1: Ball
1-1: Ball
2-1: Fly out, F8 (Flyball, 8LM)
Runner from 3rd tags up, SCORES, throw made
Batting: RHB Dani Trejo 0-0: Ball
1-0: Ball
2-0: Ground out 6-3 (Groundball, 6MS)
Top of the 1st over - 1 run, 2 hits, 0 errors, 1 left on base; Kingston Township 1 - New Orleans 0
BOTTOM OF THE 1ST
New Orleans Voodoo batting - Pitching for Kingston Township Legion : RHP Mick Alston
Pitching: RHP Mick Alston
Batting: RHB Mario Álvarez 0-0: DOUBLE (Line Drive, 8LXD)
Batting: RHB Griffin Woodfinlevine 0-0: Ball
1-0: Swinging Strike
1-1: Ball
2-1: Fly out, F9 (Flyball, 9LD)
Runner from 2nd tags up, SAFE at 3rd, no throw
Batting: LHB Mario Nieves 0-0: Ball
1-0: Ball
2-0: Called Strike
2-1: Called Strike
2-2: Ball
3-2: Strikes out looking
Batting: RHB Orlando Velásquez 0-0: Ball
1-0: Ball
2-0: Ball
3-0: Base on Balls
Batting: LHB William O'Keefe 0-0: Ball
1-0: Called Strike
1-1: Ball
2-1: Ball
3-1: Base on Balls
Orlando Velásquez to second
Batting: RHB António Pérez 0-0: Ground out 5-3 (Groundball, 56S)
Bottom of the 1st over - 0 runs, 1 hit, 0 errors, 3 left on base; Kingston Township 1 - New Orleans 0
TOP OF THE 2ND
Kingston Township Legion batting - Pitching for New Orleans Voodoo : RHP Juan Díaz
Batting: RHB Jim Scott 0-0: Ball
1-0: Called Strike
1-1: SINGLE (Line Drive, 4M)
Batting: RHB Alfredo Cardenas 0-0: Called Strike
0-1: SINGLE (Line Drive, 7S)
Jim Scott to second
Batting: RHB Júlio Rodríguez 0-0: Ball
1-0: Ball
2-0: Ball
3-0: Called Strike
3-1: Fielders Choice at 2nd, 4-6 (Groundball, 34)
Jim Scott to third
Batting: RHB José Icaza 0-0: Called Strike
Júlio Rodríguez steals 2nd base
0-1: Ball
1-1: Ball
2-1: Called Strike
2-2: Foul Ball, location: 2F
2-2: 3-RUN HOME RUN (Flyball, 7D), Distance : 347 ft
Batting: RHB Ron Bernard 0-0: Called Strike
0-1: Ground out 4-3 (Groundball, 4M)
Batting: LHB António González 0-0: Ball
1-0: Called Strike
1-1: Ball
2-1: SINGLE (Groundball, 25) (infield hit)
Batting: RHB EP Weston 0-0: Called Strike
0-1: Ground out 6-3 (Groundball, 6S)
Top of the 2nd over - 3 runs, 4 hits, 0 errors, 1 left on base; Kingston Township 4 - New Orleans 0
BOTTOM OF THE 2ND
New Orleans Voodoo batting - Pitching for Kingston Township Legion : RHP Mick Alston
Batting: RHB Apu Nahasapeemapetilon 0-0: SINGLE (Groundball, 6D)
Batting: RHB Colm Goodwill 0-0: Ball
1-0: Foul Ball, location: 2F
1-1: DOUBLE (Flyball, 78D)
Apu Nahasapeemapetilon to third
Runner from 3rd tries for Home, SAFE, no throw
Batting: LHB Gerald Kaufman 0-0: Ball
1-0: Foul Ball, location: 2F
1-1: Fly out, F7 (Line Drive, 78S)
Batting: RHB Mario Álvarez 0-0: Called Strike
0-1: Called Strike
0-2: Strikes out swinging
Batting: RHB Griffin Woodfinlevine 0-0: Called Strike
0-1: DOUBLE (Line Drive, 89D)
Colm Goodwill scores
Batting: LHB Mario Nieves 0-0: Called Strike
0-1: Ball
1-1: Ball
2-1: SINGLE (Flyball, 8LS)
Griffin Woodfinlevine to third
Runner from 3rd tries for Home, SAFE, no throw
Batting: RHB Orlando Velásquez 0-0: Called Strike
0-1: Called Strike
0-2: Ball
1-2: Foul Ball, location: 2F
1-2: Strikes out looking
Bottom of the 2nd over - 3 runs, 4 hits, 0 errors, 1 left on base; Kingston Township 4 - New Orleans 3
TOP OF THE 3RD
Kingston Township Legion batting - Pitching for New Orleans Voodoo : RHP Juan Díaz
Batting: RHB Clarence Neal 0-0: Fly out, F8 (Flyball, 89M)
Batting: RHB Dani Trejo 0-0: DOUBLE (Line Drive, 78D)
Batting: RHB Jim Scott 0-0: Fly out, F9 (Flyball, 9LS)
Batting: RHB Alfredo Cardenas 0-0: Foul Ball, location: 2F
0-1: Ball
1-1: Ball
2-1: Foul Ball, location: 2F
2-2: Ball
3-2: Foul Ball, location: 2F
3-2: Foul Ball, location: 2F
3-2: Fly out, F7 (Flyball, 7)
Top of the 3rd over - 0 runs, 1 hit, 0 errors, 1 left on base; Kingston Township 4 - New Orleans 3
BOTTOM OF THE 3RD
New Orleans Voodoo batting - Pitching for Kingston Township Legion : RHP Mick Alston
Batting: LHB William O'Keefe 0-0: Ball
1-0: Called Strike
1-1: Ball
2-1: SOLO HOME RUN (Flyball, 9LD), Distance : 322 ft
Batting: RHB António Pérez 0-0: Ball
1-0: Called Strike
1-1: Ball
2-1: Ball
3-1: Foul Ball, location: 2F
3-2: Foul Ball, location: 2F
3-2: Fly out, F8 (Flyball, 89M)
Batting: RHB Apu Nahasapeemapetilon 0-0: Ball
1-0: Called Strike
1-1: Ground out 6-3 (Groundball, 6M)
Batting: RHB Colm Goodwill 0-0: Called Strike
0-1: Ball
1-1: Called Strike
1-2: Foul Ball, location: 2F
1-2: Ball
2-2: Ground out 6-3 (Groundball, 6)
Bottom of the 3rd over - 1 run, 1 hit, 0 errors, 0 left on base; Kingston Township 4 - New Orleans 4
TOP OF THE 4TH
Kingston Township Legion batting - Pitching for New Orleans Voodoo : RHP Juan Díaz
Batting: RHB Júlio Rodríguez 0-0: Foul Ball, location: 2F
0-1: Ball
1-1: Called Strike
1-2: Foul Ball, location: 2F
1-2: Foul Ball, location: 2F
1-2: Foul Ball, location: 2F
1-2: Foul Ball, location: 2F
1-2: Ground out 1-3 (Groundball, P)
Batting: RHB José Icaza 0-0: Foul Ball, location: 2F
0-1: Ball
1-1: Ball
2-1: Ball
3-1: Swinging Strike
3-2: Fly out, F4 (Popup, 23)
Batting: RHB Ron Bernard 0-0: Ball
1-0: Fly out, F3 (Popup, 3SF)
Top of the 4th over - 0 runs, 0 hits, 0 errors, 0 left on base; Kingston Township 4 - New Orleans 4
BOTTOM OF THE 4TH
New Orleans Voodoo batting - Pitching for Kingston Township Legion : RHP Mick Alston
Batting: LHB Gerald Kaufman 0-0: Foul Ball, location: 2F
0-1: Foul Ball, location: 2F
0-2: Foul Ball, location: 2F
0-2: Ball
1-2: Ball
2-2: Ball
3-2: Fly out, F7 (Flyball, 7)
Batting: RHB Mario Álvarez 0-0: Called Strike
0-1: Ball
1-1: Foul Ball, location: 2F
1-2: SINGLE (Flyball, 89S)
Batting: RHB Griffin Woodfinlevine 0-0: Ball
1-0: Ball
2-0: Fielders Choice at 2nd, 4-6 (Groundball, 34)
Batting: LHB Mario Nieves 0-0: Called Strike
0-1: Fielders Choice at 2nd, 6-4 (Groundball, 6)
Bottom of the 4th over - 0 runs, 1 hit, 0 errors, 1 left on base; Kingston Township 4 - New Orleans 4
TOP OF THE 5TH
Kingston Township Legion batting - Pitching for New Orleans Voodoo : RHP Juan Díaz
Batting: LHB António González 0-0: Called Strike
0-1: Ball
1-1: Ball
2-1: Ball
3-1: Foul Ball, location: 2F
3-2: Foul Ball, location: 2F
3-2: Fly out, F9 (Flyball, 9D)
Batting: RHB EP Weston 0-0: Ball
1-0: Called Strike
1-1: Ball
2-1: Swinging Strike
2-2: Strikes out swinging
Batting: RHB Clarence Neal 0-0: Ball
1-0: Called Strike
1-1: Swinging Strike
1-2: Ground out 4-3 (Groundball, 4S)
Top of the 5th over - 0 runs, 0 hits, 0 errors, 0 left on base; Kingston Township 4 - New Orleans 4
BOTTOM OF THE 5TH
New Orleans Voodoo batting - Pitching for Kingston Township Legion : RHP Mick Alston
Batting: RHB Orlando Velásquez 0-0: Swinging Strike
0-1: Ball
1-1: Foul Ball, location: 2F
1-2: Ball
2-2: Ball
3-2: Foul Ball, location: 2F
3-2: Foul Ball, location: 2F
3-2: Foul Ball, location: 2F
3-2: SINGLE (Groundball, 6MD)
Batting: LHB William O'Keefe 0-0: Fly out, F9 (Flyball, 9LS)
Batting: RHB António Pérez 0-0: Ball
1-0: Foul Ball, location: 2F
1-1: Ball
2-1: DOUBLE (Groundball, 5L)
Orlando Velásquez to third
Runner from 3rd tries for Home, SAFE, no throw
Batting: RHB Apu Nahasapeemapetilon 0-0: SINGLE (Line Drive, 89S)
António Pérez to third
Batting: RHB Colm Goodwill 0-0: Ball
1-0: Swinging Strike
1-1: Ball
2-1: Fly out, F7 (Flyball, 7LS)
Runner from 3rd tags up, SCORES, no throw
Batting: LHB Gerald Kaufman 0-0: Called Strike
0-1: Fly out, F9 (Flyball, 89D)
Bottom of the 5th over - 2 runs, 3 hits, 0 errors, 1 left on base; Kingston Township 4 - New Orleans 6
TOP OF THE 6TH
Kingston Township Legion batting - Pitching for New Orleans Voodoo : RHP Juan Díaz
Batting: RHB Dani Trejo 0-0: Ball
1-0: Ball
2-0: Foul Ball, location: 2F
2-1: Fly out, F7 (Flyball, 78S)
Batting: RHB Jim Scott 0-0: Called Strike
0-1: Fly out, F9 (Flyball, 89D)
Batting: RHB Alfredo Cardenas 0-0: Called Strike
0-1: Ball
1-1: Called Strike
1-2: Foul Ball, location: 2F
1-2: Foul Ball, location: 2F
1-2: Ground out 4-3 (Groundball, 4)
Top of the 6th over - 0 runs, 0 hits, 0 errors, 0 left on base; Kingston Township 4 - New Orleans 6
BOTTOM OF THE 6TH
New Orleans Voodoo batting - Pitching for Kingston Township Legion : RHP Mick Alston
Batting: RHB Mario Álvarez 0-0: Ground out 4-3 (Groundball, 4)
Batting: RHB Griffin Woodfinlevine 0-0: SINGLE (Line Drive, 89S)
Batting: LHB Mario Nieves 0-0: Ball
1-0: Ball
2-0: Foul Ball, location: 2F
2-1: Ball
3-1: Foul Ball, location: 2F
3-2: Base on Balls
Griffin Woodfinlevine to second
Batting: RHB Orlando Velásquez 0-0: Foul Ball, location: 2F
0-1: Ball
1-1: Foul Ball, location: 2F
1-2: Ball
2-2: SINGLE (Flyball, 8RS)
Griffin Woodfinlevine to third
Mario Nieves to second
Runner from 3rd tries for Home, SAFE, no throw
Batting: LHB William O'Keefe 0-0: Called Strike
0-1: Ball
1-1: Ball
2-1: Fly out, F5 (Popup, 15S)
Batting: RHB António Pérez 0-0: Called Strike
0-1: Fly out, F9 (Flyball, 9LD)
Bottom of the 6th over - 1 run, 2 hits, 0 errors, 2 left on base; Kingston Township 4 - New Orleans 7
TOP OF THE 7TH
Kingston Township Legion batting - Pitching for New Orleans Voodoo : RHP Juan Díaz
Batting: RHB Júlio Rodríguez 0-0: Ball
1-0: SINGLE (Groundball, 6MD)
Pitching: RHP Quintiliano Seixal
Batting: RHB José Icaza 0-0: Foul Ball, location: 2F
0-1: Swinging Strike
0-2: Ball
1-2: Grounds into double play, 6-4-3 (Groundball, 6)
Batting: RHB Ron Bernard 0-0: Called Strike
0-1: Swinging Strike
0-2: Ground out 5-3 (Groundball, 5)
Top of the 7th over - 0 runs, 1 hit, 0 errors, 0 left on base; Kingston Township 4 - New Orleans 7
BOTTOM OF THE 7TH
New Orleans Voodoo batting - Pitching for Kingston Township Legion : RHP Mick Alston
Batting: RHB Apu Nahasapeemapetilon 0-0: Ground out U3 (Groundball, 34S)
Batting: RHB Colm Goodwill 0-0: Ground out 5-3 (Groundball, 5)
Batting: LHB Gerald Kaufman 0-0: Ball
1-0: Swinging Strike
1-1: Ball
2-1: Swinging Strike
2-2: Ball
3-2: Foul Ball, location: 2F
3-2: Strikes out swinging
Bottom of the 7th over - 0 runs, 0 hits, 0 errors, 0 left on base; Kingston Township 4 - New Orleans 7
TOP OF THE 8TH
Kingston Township Legion batting - Pitching for New Orleans Voodoo : RHP Quintiliano Seixal
Batting: LHB António González 0-0: Foul Ball, location: 2F
0-1: Ball
1-1: Foul Ball, location: 2F
1-2: SINGLE (Groundball, 4S) (infield hit)
Batting: RHB EP Weston 0-0: Ball
1-0: Foul Ball, location: 2F
1-1: Ball
2-1: Swinging Strike
2-2: Grounds into double play, 6-4-3 (Groundball, 6)
Batting: RHB Clarence Neal 0-0: Called Strike
0-1: Ball
1-1: Foul Ball, location: 2F
1-2: Ball
2-2: Ball
3-2: Foul Ball, location: 2F
3-2: Base on Balls
Batting: RHB Dani Trejo 0-0: SINGLE (Groundball, 6MD)
Clarence Neal to second
Batting: RHB Jim Scott 0-0: Called Strike
0-1: Ball
1-1: Swinging Strike
1-2: Ball
2-2: Foul Ball, location: 2F
2-2: Strikes out swinging
Top of the 8th over - 0 runs, 2 hits, 0 errors, 2 left on base; Kingston Township 4 - New Orleans 7
BOTTOM OF THE 8TH
New Orleans Voodoo batting - Pitching for Kingston Township Legion : RHP Mick Alston
Batting: RHB Mario Álvarez 0-0: Ground out 6-3 (Groundball, 6)
Batting: RHB Griffin Woodfinlevine 0-0: Ground out U3 (Groundball, 34)
Batting: LHB Mario Nieves 0-0: Ball
1-0: Swinging Strike
1-1: SOLO HOME RUN (Flyball, 9D), Distance : 358 ft
Batting: RHB Orlando Velásquez 0-0: Foul Ball, location: 2F
0-1: Swinging Strike
0-2: Foul Ball, location: 2F
0-2: Ball
1-2: Ball
2-2: Foul Ball, location: 2F
2-2: Strikes out swinging
Bottom of the 8th over - 1 run, 1 hit, 0 errors, 0 left on base; Kingston Township 4 - New Orleans 8
TOP OF THE 9TH
Kingston Township Legion batting - Pitching for New Orleans Voodoo : RHP Quintiliano Seixal
Batting: RHB Alfredo Cardenas 0-0: Ball
1-0: Ball
2-0: Ball
3-0: Base on Balls
Batting: RHB Júlio Rodríguez 0-0: Called Strike
0-1: Called Strike
0-2: Ball
1-2: Ball
2-2: Strikes out looking
Batting: RHB José Icaza 0-0: Ball
1-0: Grounds into double play, 6-4-3 (Groundball, 6)
Top of the 9th over - 0 runs, 0 hits, 0 errors, 0 left on base; Kingston Township 4 - New Orleans 8
Tuesday, June 12th, 2018 - OOTP Baseball 18.8 Build 76